 Dungeon Crawl Stone Soup version 0.28-a0-938-gbc3f381ebc (webtiles) character file.

Game seed: 17982230323766394164

650 Hipnos the Magician (level 7, -3/45 HPs)
             Began as a Djinni Fire Elementalist on Nov 28, 2021.
             Slain by an orc (7 damage)
             ... on level 6 of the Dungeon.
             The game lasted 00:10:28 (5942 turns).

Hipnos the Magician (Djinni Fire Elementalist)      Turns: 5942, Time: 00:10:29

Health: -3/45      AC:  2    Str:  7    XL:     7   Next: 83%
Gold:   179        EV: 13    Int: 18    God:
                   SH:  5    Dex: 14

rFire   + + .      SeeInvis .   s - +2 dagger (flame)
rCold   x . .      Faith    .   (no shield)
rNeg    . . .      Spirit   .   a - +0 robe
rPois   ∞          Reflect  +   (no helmet)
rElec   .          Harm     .   (no cloak)
rCorr   .          Rampage  .   (no gloves)
Will    .....                   (boots unavailable)
Stlth   ++........              d - amulet of reflection
HPRegen 0.15/turn               (no ring)
MPRegen 0.00/turn               (no ring)

@: on berserk cooldown, flying, slowed, very slow
A: sickness immunity, fire resistance 2, cold vulnerability 1, float, innate
caster, hp casting, extra vitality 1
a: no special abilities


You were on level 6 of the Dungeon.
You visited 1 branch of the dungeon, and saw 6 of its levels.

You collected 179 gold pieces.

Inventory:

Hand Weapons
 n - a +0 dagger
 s - a +2 dagger of flaming (weapon)
Armour
 a - a +0 robe (worn)
Jewellery
 d - an amulet of reflection (around neck)
Wands
 b - a wand of flame (11)
Scrolls
 f - a scroll of teleportation
 g - 2 scrolls of magic mapping
 i - a scroll of enchant weapon {unknown}
 k - a scroll of fog
Potions
 c - a potion of magic
 e - a potion of lignification {unknown}
 h - a potion of invisibility
 j - a potion of brilliance
 l - a potion of cancellation {unknown}
 m - 2 potions of berserk rage
 o - 2 potions of resistance {unknown}
 p - a potion of heal wounds {unknown}
 q - 2 potions of curing {unknown}
 r - a potion of flight {unknown}


   Skills:
 + Level 0.1 Fighting
 + Level 3.0 Dodging
 - Level 1.5 Stealth
 + Level 0.1 Shields
 + Level 6.3 Spellcasting


You couldn't memorise any spells.
You knew the following spells:

 Your Spells              Type           Power      Damage    Failure   Level
a - Foxfire               Conj/Fire      100%       2x1d9     1%          1
b - Scorch                Fire           56%        2d8       1%          2
c - Conjure Flame         Conj/Fire      28%        6-21      2%          3
d - Inner Flame           Hex/Fire       28%        N/A       2%          3
e - Flame Wave            Conj/Fire      28%        2d6       9%          4
f - Apportation           Tloc           56%        N/A       1%          1
g - Call Imp              Summ           28%        N/A       1%          2
h - Ignite Poison         Fire/Tmut/Pois 28%        N/A       2%          3
Your spell library was empty.

Dungeon Overview and Level Annotations

Branches:
Dungeon (6/15)
 Temple: D:4-7

Altars:
Yredelemnul
Zin
The Shining One

Annotations:
D:5 1 runed translucent door, casual's ghost, novice DsTm


Innate Abilities, Weirdness & Mutations

You are immune to sickness and miasma.
You are immune to poison.
Your flesh is very heat resistant. (rF++)
You are vulnerable to cold. (rC-)
You float through the air rather than walking.
You learn spells naturally, not from books.
Your magical power is your life essence.
You have superior vitality. (+4 HP)


Message History

The foxfire hits the orc priest.
The orc priest is burned terribly!
You kill the orc priest!
The foxfire hits the orc.
The orc is moderately wounded.
It was a potion of berserk rage.
A red film seems to cover your vision as you go berserk!
You feel yourself moving faster!
You feel mighty!
Your magical contamination has completely faded away.
You closely miss the orc priest.
The orc priest is heavily wounded.
The orc priest invokes the aid of Beogh against you.
Pain shoots through your body!
* * * LOW HITPOINT WARNING * * *
You puncture the orc priest! You burn the orc priest.
You kill the orc priest!
The orc barely misses you.
You puncture the orc! You burn the orc.
You kill the orc!
You feel a strong urge to attack something.
You feel your anger nearly subside.
You are no longer berserk.
You are exhausted.
You feel yourself slow down.
You hear the rusting of a distant drain.
An orc and a shadow imp come into view.
The orc is wielding a +2 falchion of electrocution.
The orc shouts!
Something shouts, "Begone, thou odious kobold-kissing pumpion!"
You hear a shout!
There is a stone staircase leading down here.
The orc hits you with a +2 falchion of electrocution.
* * * LOW HITPOINT WARNING * * *
You fly downwards.
Found a stone staircase leading down.
There is a stone staircase leading up here.
Casting: Scorch (safe; 1% risk of failure)
Confirm with . or Enter, or press ? or * to list all spells.
Okay, then.
It was a potion of magic.
Magic washes over you without effect.
The orc hits you with a +2 falchion of electrocution!
You die...

######
#>....#
.......##
.......@#
......o.#
........#
........#
.........
.....Z...
#.....###
.#####


You could see an orc and a bullfrog skeleton (dormant).

Vanquished Creatures
  An ogre (D:5)
  A phantom (D:5)
  A scorpion (D:4)
  A jelly (D:4)
  A centaur zombie (D:5)
  2 orc priests (D:5)
  A hound (D:5)
  A centaur skeleton (D:4)
  Natasha (thrice) (D:2)
  An iguana (D:5)
  An orc wizard (D:5)
  2 adders (D:3)
  3 gnolls (D:3)
  An adder skeleton (D:4)
  A worm (D:2)
  A dart slug (D:3)
  5 orcs
  3 bats
  9 endoplasms
  3 giant cockroaches
  4 goblins
  6 hobgoblins
  6 kobolds
  2 quokkas (D:1)
  8 ball pythons
  6 frilled lizards
  A quokka skeleton (D:4)
  4 rats
79 creatures vanquished.

Vanquished Creatures (collateral kills)
  A foxfire (D:3)
1 creature vanquished.

Vanquished Creatures (others)
  341 foxfires
  2 plants (D:5)
343 creatures vanquished.

Grand Total: 423 creatures vanquished

Notes
Turn   | Place    | Note
-------+----------+-------------------------------------------
     0 | D:1      | Hipnos the Djinni Fire Elementalist began the quest for the
                  | Orb.
     0 | D:1      | Reached XP level 1. HP: 15/15 MP: 0/0
   515 | D:1      | Reached XP level 2. HP: 12/21 MP: 0/0
  1081 | D:1      | Reached skill level 3 in Spellcasting
  1229 | D:1      | Reached XP level 3. HP: 21/25 MP: 0/0
  1229 | D:1      | Learned a level 1 spell: Apportation
  1711 | D:2      | Noticed Natasha
  1720 | D:2      | Killed Natasha
  1721 | D:2      | Reached XP level 4. HP: 23/31 MP: 0/0
  1826 | D:2      | Noticed Natasha
  1844 | D:2      | Killed Natasha
  1871 | D:2      | Noticed Natasha
  1876 | D:2      | Killed Natasha
  1877 | D:2      | Reached skill level 4 in Spellcasting
  1877 | D:2      | Reached XP level 5. HP: 8/35 MP: 0/0
  1877 | D:2      | Learned a level 2 spell: Call Imp
  4117 | D:4      | Reached XP level 6. HP: 32/40 MP: 0/0
  4330 | D:4      | Found a basalt altar of Yredelemnul.
  4334 | D:4      | Found a glowing golden altar of the Shining One.
  4340 | D:4      | Noticed a profane servitor
  4356 | D:4      | Reached skill level 5 in Spellcasting
  5279 | D:4      | Noticed an angel
  5575 | D:5      | Entered Level 5 of the Dungeon
  5590 | D:5      | Reached XP level 7. HP: 23/45 MP: 0/0
  5590 | D:5      | Learned a level 3 spell: Ignite Poison
  5612 | D:5      | Found a glowing silver altar of Zin.
  5629 | D:5      | Reached skill level 6 in Spellcasting
  5902 | D:5      | Found a runed translucent door.
  5903 | D:5      | Noticed casual's ghost (novice DsTm)
  5919 | D:5      | HP: 1/67 [orc priest/nerve-wracking pain (9)]
  5942 | D:6      | Slain by an orc

Illustrated notes

Levels and vault maps discovered:
D:1:      dpeg_arrival_chambers_temple_mockup, layout_basic,
          nicolae_concentric_dashed_squares_wild
D:2:      layout_basic, item_on_display_a, uniq_natasha
D:3:      layout_loops_ring
D:4:      layout_layer_cave, grunt_temple_overflow_holy_war,
          minmay_misc_feat_room
D:5:      layout_basic, mainiacjoe_overflow_catwalk, ebering_ghost_inner_flame,
          gup_sewer_entry_glass, serial_bayou_lagoon_a, minmay_divided_ellipse
D:6:      layout_rooms, lemuel_coloured_pillars_altar,
          minmay_temple_entry_glass, minmay_strange_pillars, uniq_maggie,
          uniq_eustachio

Skill      XL: |  1  2  3  4  5  6  7 |
---------------+----------------------+-----
Spellcasting   | 3 4 5 6 |  6.3
Dodging        | 3 |  3.0
Fighting       | |  0.1
Stealth        | |  1.5
Shields        | |  0.1

Action                   |  1- 3 |  4- 6 |  7- 9 || total
-------------------------+-------+-------+-------++-------
Melee: Unarmed           |       |     8 |       ||     8
       Dagger            |       |       |     9 ||     9
 Cast: Foxfire           |    73 |   146 |     9 ||   228
       Scorch            |       |     7 |     9 ||    16
       Call Imp          |       |     3 |       ||     3
  Use: Potion            |       |     1 |     2 ||     3
       Scroll            |       |     8 |       ||     8
Armor: Robe              |       |     7 |     1 ||     8
Dodge: Dodged            |     3 |    21 |     5 ||    29
Block: Other             |       |     5 |     3 ||     8

Table legend: (Time is in decaauts)
 A = Elapsed time spent in this place.
 B = Non-inter-level travel time spent in this place.
 C = Inter-level travel time spent in this place.
 D = Time resting spent in this place.
 E = Time spent auto-exploring this place.
 F = Levels seen in this place.
 G = Mean time per level.
                   A        B        C        D        E       F      G
               +--------+--------+--------+--------+--------+-----+--------+
         Total |   5945 |   5813 |    132 |    243 |   4723 |   6 |  990.8 |
       Dungeon |   5945 |   5813 |    132 |    243 |   4723 |   6 |  990.8 |
               +--------+--------+--------+--------+--------+-----+--------+

Top non-repeatable levels by time:
     D:4: 1551 daAuts
     D:1: 1550 daAuts
     D:3: 1317 daAuts
     D:2: 1154 daAuts
     D:5: 370 daAuts
     D:6: 1 daAuts
